AoeStats
← codyjen

Oasis

509867945Analyzed
4v4 RM · 3d ago on Sep 28, 2026· 34m 33s· 8 players
Game mode
Random Map
Map size
Large (8 player)
Population
200
Speed
Normal
Resources
Standard
Victory
Conquest
Starting age
Dark Age
Ending age
Imperial Age
RankedLock teamsTeams togetherTeam positionsShared explorationLock speedFull tech treeHidden civsTurbo modeCheats
Victory
Defeat
🇨🇳 Mongols · China
710
+18
🇨🇳 Saxons · China
696
+18
🇨🇳 Khmer · China
691
+19
🇷🇺 Goths · Russia
691
+19
🇨🇳 Jurchens · China
811
-22
🇨🇳 Huns · China
791
-20
🇸🇪 Ethiopians · Sweden
718
-17
🇹🇷 Turks · Türkiye
673
-15
hsqvrn
3:17 Loom
12:23 Feudal Age
12:57 Double-Bit Axe
19:31 Castle Age
17:50 Horse Collar
20:20 Forging
20:10 Scale Mail Armor
20:01 Fletching
20:35 Bow Saw
20:36 Heavy Plow
21:40 Gold Mining
22:22 Squires
22:41 Stone Mining
26:47 Stone Shaft Mining
29:11 Wheelbarrow
28:50 Man-at-Arms
29:50 Long Swordsman
30:57 Anarchy
30:21 Pikeman
31:16 Town Watch
36:04 Imperial Age
n00b
9:57 Feudal Age
12:41 Wheelbarrow
12:00 Double-Bit Axe
14:58 Castle Age
16:54 Bow Saw
16:27 Horse Collar
21:47 Heavy Plow
23:49 Scale Mail Armor
23:59 Forging
24:01 Gold Mining
25:00 Stone Mining
25:45 Gold Shaft Mining
30:47 Imperial Age
29:45 Scale Mail Armor
29:55 Forging
30:01 Murder Holes
30:24 Arson
30:40 Squires
30:25 Gambesons
30:58 Chain Mail Armor
32:10 Conscription
32:28 Iron Casting
31:17 Elite Varangian Guard
33:53 Plate Mail Armor
34:45 Guilds
YellowyGnu8986
1:01 Loom
11:42 Feudal Age
13:22 Horse Collar
13:37 Double-Bit Axe
15:59 Castle Age
15:24 Wheelbarrow
14:44 Gold Mining
15:24 Stone Mining
17:24 Heavy Plow
17:39 Bow Saw
24:18 Hand Cart
26:48 Stone Shaft Mining
32:16 Imperial Age
30:48 Forging
30:45 Scale Barding Armor
30:48 Fletching
30:59 Padded Archer Armor
32:40 Iron Casting
32:39 Ballistics
32:59 Chain Barding Armor
32:35 Light Cavalry
33:26 Bloodlines
33:18 Husbandry
32:40 Elite Battle Elephant
33:50 Conscription
33:32 Tusk Swords
35:16 Chemistry
OTZ==3
1:17 Loom
10:31 Feudal Age
15:04 Castle Age
13:48 Stone Mining
15:27 Fletching
17:21 Stone Shaft Mining
22:46 Murder Holes
29:42 Masonry
29:27 Gold Mining
34:52 Bodkin Arrow
Dmitry Petrovich
17:49 Loom
19:35 Feudal Age
24:10 Fletching
24:20 Padded Archer Armor
Trinitrotoluene
2:56 Loom
12:45 Feudal Age
13:24 Horse Collar
13:31 Double-Bit Axe
14:36 Stone Mining
19:33 Scale Barding Armor
21:38 Castle Age
20:15 Forging
20:59 Fletching
22:04 Light Cavalry
25:36 Chain Barding Armor
26:05 Squires
26:12 Bodkin Arrow
26:43 Bow Saw
29:09 Gold Mining
codyjen
0:35 Loom
13:19 Feudal Age
18:48 Castle Age
17:15 Horse Collar
17:22 Double-Bit Axe
17:30 Gold Mining
17:32 Stone Mining
20:35 Heavy Plow
20:47 Bow Saw
22:22 Wheelbarrow
25:24 Bow Saw
28:43 Hand Cart
30:21 Bloodlines
30:11 Husbandry
35:19 Imperial Age
32:36 Town Watch
33:38 Gold Shaft Mining
34:34 Stone Shaft Mining
34:29 Caravan
863111034
13:42 Feudal Age
14:37 Loom
Connection lost

Rejoining the realm…

Still unreachable

The connection could not be restored.

Session expired

The server has moved on; the page needs a fresh start.